 Dungeon Crawl Stone Soup version 0.30-a0-310-g7d6cbdfea6 (webtiles) character file.

Game seed: 5866727242641879072

404 Low2 the Trooper (level 6, -1/63 HPs)
             Began as an Ogre Gladiator on Oct 25, 2022.
             Slain by Pikel
             ... wielding a +0 whip of flaming
              (5 damage)
             ... while paralysed by Pikel
             ... on level 5 of the Dungeon.
             The game lasted 00:12:00 (2537 turns).

Low2 the Trooper (Ogre Gladiator)                   Turns: 2537, Time: 00:12:01

Health: -1/63      AC:  3    Str: 21    XL:     6   Next: 86%
Magic:  0/6        EV:  1    Int:  9    God:
Gold:   150        SH:  0    Dex: 10    Spells: 5/5 levels left

rFire   . . .      SeeInvis .    k - +1 dagger (venom)
rCold   . . .      Faith    .    (no shield)
rNeg    . . .      Spirit   +    b - +0 robe
rPois   .          Reflect  .    c - +0 hat
rElec   .          Harm     .    (no cloak)
rCorr   .          Rampage  .    (gloves unavailable)
Will    .....                    (boots unavailable)
Stlth   ..........               t - amulet of guardian spirit
HPRegen 0.30/turn                (no ring)
MPRegen 0.10/turn                (no ring)

@: paralysed, silenced
A: large, unfitting armour, tough skin 1
a: no special abilities


You were on level 5 of the Dungeon.
You visited 1 branch of the dungeon, and saw 5 of its levels.

You collected 150 gold pieces.

Inventory:

Hand Weapons
 a - a +0 war axe
 k - a +1 dagger of venom (weapon)
 q - a +3 dagger
Missiles
 e - a large rock
Armour
 b - a +0 robe (worn)
 c - a +0 hat (worn)
Jewellery
 g - a ring of wizardry
 t - an amulet of guardian spirit (around neck)
Wands
 d - a wand of flame (4) (quivered)
Scrolls
 m - a scroll of magic mapping {unknown}
 n - a scroll of amnesia {unknown}
Potions
 f - a potion of flight
 i - a potion of degeneration {unknown}
 j - 2 potions of ambrosia
 r - a potion of resistance {unknown}
 s - a potion of haste {unknown}


   Skills:
 + Level 4.4 Fighting
 + Level 3.2 Short Blades
 + Level 4.1 Axes
 + Level 2.8 Throwing
 + Level 3.6 Dodging
 + Level 1.3 Stealth


You had 5 spell levels left.
You didn't know any spells.
Your spell library contained the following spells:

 Spells                   Type           Power      Damage    Failure   Level
 Apportation              Tloc           0%         N/A       38%         1
 Magic Dart               Conj           0%         1d3       38%         1
 Necrotise                Necr           0%         1d4       38%         1
 Summon Small Mammal      Summ           0%         N/A       38%         1
 Call Imp                 Summ           0%         N/A       52%         2
 Mephitic Cloud           Conj/Pois/Air  0%         N/A       77%         3
 Alistair's Intoxication  Tmut/Pois      0%         N/A       100%        5


Dungeon Overview and Level Annotations

Branches:
Dungeon (5/15)
 Temple: D:4-7

Altars:

Annotations:
D:5 Pikel


Innate Abilities, Weirdness & Mutations

You are too large for most types of armour.
You have tough skin. (AC +1)


Message History

As you read the scroll labelled FEPEKI CIRRIMUNG, it crumbles to dust.
The creatures around you are filled with an inner flame!
It was a scroll of immolation.
Pikel closely misses you.
Pikel hits you with a +0 whip of flaming!
Pikel burns you. The lemure closely misses you. Pikel attacks as you move away!
Pikel hits you with a +0 whip of flaming.
Pikel burns you. The lemure attacks as you move away!
The lemure barely misses you. Pikel attacks as you move away!
Pikel closely misses you.
Pikel zaps a wand.
You suddenly lose the ability to move!
You can move again.
It was a potion of heal wounds.
You feel much better.
Pikel hits you with a +0 whip of flaming.
Pikel burns you.
Pikel zaps a wand.
You suddenly lose the ability to move!
Pikel hits you with a +0 whip of flaming!
Pikel burns you.
Pikel hits you with a +0 whip of flaming.
Pikel burns you.
Pikel hits you with a +0 whip of flaming!
Pikel burns you.
* * * LOW HITPOINT WARNING * * *
You can move again.
As you read the scroll labelled XAOPYM NOTEE, it crumbles to dust.
A profound silence engulfs you.
It was a scroll of silence.
Pikel zaps a wand.
You resist with some effort.
Pikel zaps a wand.
You shrug off the repeated paralysis!
Pikel attacks as you move away!
Pikel hits you with a +0 whip of flaming.
* * * LOW HITPOINT WARNING * * *
Pikel burns you.
* * * LOW HITPOINT WARNING * * *
Pikel zaps a wand.
You suddenly lose the ability to move!
Pikel zaps a wand.
You resist with some effort.
The now-empty wand crumbles to dust.
Pikel hits you with a +0 whip of flaming!
* * * LOW HITPOINT WARNING * * *
Pikel burns you.
You die...

##### ### #.. .
..# ## #.# #. #.#
##. #.# #.###.#
##.. #.# #.....#
##... #@#
##...####....
#K####..:....'....
#55.55....####....
########.## ##...
#.# ##.. #.# ##.
#.# ## ..# # ### #


You could see Pikel (inner flame) and 2 lemures.

Vanquished Creatures
  Grinder (D:5)
  A necrophage (D:5)
  A hound (D:4)
  An orc wizard (D:5)
  2 adders
  2 ufetubi (D:4)
  A worm (D:2)
  A dart slug (D:4)
  9 orcs
  5 ball pythons
  3 endoplasms
  3 giant cockroaches
  6 goblins
  8 hobgoblins
  4 jackals (D:2)
  A quokka (D:4)
  A bat (D:2)
  3 frilled lizards
  6 kobolds
  3 rats
62 creatures vanquished.

Vanquished Creatures (others)
  A bush (D:4)
1 creature vanquished.

Grand Total: 63 creatures vanquished

Notes
Turn   | Place    | Note
-------+----------+-------------------------------------------
     0 | D:1      | Low2 the Ogre Gladiator began the quest for the Orb.
     0 | D:1      | Reached XP level 1. HP: 22/22 MP: 1/1
   122 | D:2      | Reached XP level 2. HP: 25/29 MP: 2/2
   583 | D:2      | Reached XP level 3. HP: 32/37 MP: 3/3
  1072 | D:4      | Reached XP level 4. HP: 14/48 MP: 4/4
  1550 | D:4      | Reached skill level 1 in Short Blades
  1571 | D:4      | Noticed an ogre
  1676 | D:4      | Noticed an ogre
  1825 | D:4      | Reached XP level 5. HP: 51/54 MP: 5/5
  1955 | D:5      | Entered Level 5 of the Dungeon
  2080 | D:5      | Noticed Grinder
  2083 | D:5      | Paralysed by Grinder for 3 turns
  2102 | D:5      | Killed Grinder
  2103 | D:5      | Reached skill level 1 in Stealth
  2103 | D:5      | Reached XP level 6. HP: 22/63 MP: 6/6
  2360 | D:5      | Noticed an acid dragon
  2486 | D:5      | Noticed Pikel
  2523 | D:5      | Paralysed by Pikel for 2 turns
  2527 | D:5      | Paralysed by Pikel for 5 turns
  2534 | D:5      | Paralysed by Pikel for 4 turns
  2537 | D:5      | Slain by Pikel

Illustrated notes

Levels and vault maps discovered:
D:1:      minmay_arrival_loop, layout_basic
D:2:      minmay_skewed_foursquare, layout_basic, uniq_jessica
D:3:      layout_basic, gammafunk_temple_overflow_wave,
          overflow_temple_1_default
D:4:      minmay_clustersquares, layout_loops_ring, minmay_hedge_maze
D:5:      layout_loops_corners, nzn_wu_jian_council_hall, temple_fountains,
          saegor_snake_ambush, uniq_grinder, uniq_duvessa, uniq_pikel

Skill      XL: |  1  2  3  4  5 |
---------------+----------------+-----
Dodging        | 3 |  3.6
Fighting       | 3 4 |  4.4
Axes           | 4 |  4.1
Short Blades   | 1 3 |  3.2
Stealth        | 1 |  1.3
Throwing       | |  2.8

Action                   |  1- 3 |  4- 6 || total
-------------------------+-------+-------++-------
Melee: War axe           |    48 |       ||    48
       Dagger            |    72 |   116 ||   188
       Punch             |     2 |       ||     2
Throw: Javelin           |     3 |     7 ||    10
       Throwing net      |     3 |     4 ||     7
       Large rock        |     1 |       ||     1
Evoke: Wand              |       |    12 ||    12
  Use: Potion            |     1 |     2 ||     3
       Scroll            |       |     5 ||     5
 Stab: Held in net/web   |       |     6 ||     6
Armor: Robe              |    38 |    21 ||    59
Dodge: Dodged            |    75 |    42 ||   117

Table legend: (Time is in decaauts)
 A = Elapsed time spent in this place.
 B = Non-inter-level travel time spent in this place.
 C = Inter-level travel time spent in this place.
 D = Time resting spent in this place.
 E = Time spent auto-exploring this place.
 F = Levels seen in this place.
 G = Mean time per level.
                   A        B        C        D        E       F      G
               +--------+--------+--------+--------+--------+-----+--------+
         Total |   2549 |   2549 |      0 |    777 |      0 |   5 |  509.8 |
       Dungeon |   2549 |   2549 |      0 |    777 |      0 |   5 |  509.8 |
               +--------+--------+--------+--------+--------+-----+--------+

Top non-repeatable levels by time:
     D:4: 905 daAuts
     D:2: 654 daAuts
     D:5: 579 daAuts
     D:3: 296 daAuts
     D:1: 114 daAuts
